 Dungeon Crawl Stone Soup version 0.32-a0-433-g08bcfe7efd (webtiles) character file.

Game seed: 16361901531465206100

5021 cforsyth the Carver (level 10, -5/83 HPs)
             Began as a Coglin Gladiator on Feb 22, 2024.
             Was a Follower of Wu Jian.
             Slain by Harold
             ... wielding a +0 morningstar
              (13 damage)
             ... on level 9 of the Dungeon.
             The game lasted 00:14:09 (9738 turns).

cforsyth the Carver (Coglin Gladiator)              Turns: 9738, Time: 00:14:10

Health: -5/83      AC: 18    Str: 14    XL:     10   Next: 55%
Magic:  10/10      EV:  5    Int:  7    God:    Wu Jian [*.....]
Gold:   466        SH:  0    Dex: 21    Spells: 9/9 levels left

rFire   . . .        a - +3 scimitar {Nittaya}
rCold   + . .        B - +1 long sword {Xochitl}
rNeg    . . .        l - +1 plate armour {rC+}
rPois   .            c - +0 helmet
rElec   .            k - +0 cloak
rCorr   .            d - +0 pair of gloves
SInv    .            (no boots)
Will    .....        (no amulet) Stlth
                     (no ring)
HPRegen 0.33/turn    (no ring)
MPRegen 0.12/turn

%: no passive effects
@: immotile, revved
A: off-hand wielding, slow wielding, warmup strikes, legs shutdown
a: Renounce Religion


You were on level 9 of the Dungeon.
You worshipped Wu Jian.
Wu Jian was aware of your devotion.
You visited 1 branch of the dungeon, and saw 9 of its levels.
You also visited: Sewer.

You collected 466 gold pieces.


Innate Abilities, Weirdness & Mutations

You can wield a second weapon in your off-hand.
It takes a long time for you to wield or remove held weapons.
Your first few attacks do less damage.
Attacking and casting redirects power from your legs.


   Skills:
 + Level 9.2 Fighting
 + Level 9.3 Long Blades
 - Level 1.7 Throwing
 + Level 8.0 Armour
 - Level 2.6 Dodging


You had 9 spell levels left.
You didn't know any spells.
Your spell library contained the following spells:

 Spells                   Type           Power      Damage    Failure   Level
 Apportation              Tloc           0%         N/A       100%        1
 Necrotise                Necr           0%         1d4       100%        1
 Sting                    Conj/Alch      0%         1d3       100%        1
 Summon Small Mammal      Summ           0%         N/A       100%        1
 Call Imp                 Summ           0%         N/A       100%        2
 Sublimation of Blood     Necr           0%         N/A       100%        2
 Summon Hydra             Summ           0%         N/A       100%        7

Inventory:

Hand Weapons
 a - a +3 scimitar (weapon) {Nittaya}
 B - a +1 long sword (offhand) {Xochitl}
Missiles
 e - a javelin
Armour
 c - a +0 helmet (worn)
 d - a +0 pair of gloves (worn)
 k - a +0 cloak (worn)
 l - a +1 plate armour of cold resistance (worn)
Jewellery
 F - an amulet of regeneration
 L - a ring of flight
 S - a +6 ring of strength
Wands
 A - a wand of mindburst (8)
 C - a wand of paralysis (19)
Scrolls
 b - 2 scrolls of revelation
 h - a scroll of poison {unknown}
 o - 2 scrolls of fear {unknown}
 p - 2 scrolls of summoning {unknown}
 r - a scroll of enchant armour {unknown}
 t - a scroll of blinking {unknown}
 u - a scroll of amnesia {unknown}
 x - 3 scrolls of vulnerability {unknown}
 y - a scroll of noise {unknown}
 z - 2 scrolls of enchant weapon
 D - a scroll of torment {unknown}
 E - 3 scrolls of identify {@r1}
 G - a scroll of teleportation {@r2}
Potions
 f - 2 potions of haste {@q3}
 g - 6 potions of lignification
 i - a potion of magic {unknown}
 j - 4 potions of heal wounds {@q2}
 m - 7 potions of curing {@q1}
 n - 3 potions of resistance
 q - 3 potions of might
 s - 2 potions of cancellation {unknown}
 v - 2 potions of enlightenment {unknown}
 w - a potion of attraction {unknown}

Dungeon Overview and Level Annotations

Branches:
Dungeon (9/15)             Temple (0/1) D:6            Lair (0/5) D:8
  Sewer (visited)
    Orc: D:9-12

Altars:
Cheibriados
Elyvilon
Hepliaklqana
Kikubaaqudgha
Makhleb
Okawaru
Vehumet
Wu Jian
Xom

Shops:
D:5 :

Annotations:
D:9 Harold

##..## ..... ▒.....▒
....# ▒.....▒ ....#
#▒▒▒.....▒▒▒....#
#..............
#............#
......⚑......#
..........@†####
.......†...@#..
▒▒▒.....▒▒▒..# #
▒.....▒ ▒..# ##..
▒▒.....▒▒▒..# ...
..............# #..
.........##...####.#
........####...##.#
.######.# ##.....##
.## #.###..# .


You could see Harold.


Message History

The Council accepts your kill. Harold barely misses you.
Your Armour skill increases to level 8!
You hit Harold with your +3 scimitar.
Harold is lightly wounded.
You slash Harold with your +1 long sword!
Harold hits you with a +0 morningstar!
* * * LOW HITPOINT WARNING * * *
You hit Harold but do no damage.
Harold is moderately wounded.
You closely miss Harold with your +3 scimitar.
Harold hits you with a +0 morningstar!
* * * LOW HITPOINT WARNING * * *
You completely miss Harold with your +1 long sword.
Harold is moderately wounded.
You hit Harold with your +3 scimitar. Harold hits you but does no damage.
You slice Harold with your +1 long sword!!
Harold is heavily wounded.
You hit Harold but do no damage. Harold hits you but does no damage.
You hit Harold but do no damage.
Harold is heavily wounded.
You barely miss Harold with your +1 long sword.
Harold hits you with a +0 morningstar!
* * * LOW HITPOINT WARNING * * *
You hit Harold with your +1 long sword.
Harold is heavily wounded.
You barely miss Harold with your +3 scimitar.
Harold hits you with a +0 morningstar!
You die...
Harold sighs, "Finally, I can get that horse ranch and settle down."

Skill      XL: |  1  2  3  4  5  6  7  8  9 10 |
---------------+-------------------------------+-----
Armour         | 1 2 3 4 5 7 8 |  8.0
Fighting       | 3 4 5 6 8 9 |  9.2
Long Blades    | 4 5 7 8 9 |  9.3
Throwing       | |  1.7
Dodging        | |  2.6

Action                     |  1- 3 |  4- 6 |  7- 9 | 10-12 || total
---------------------------+-------+-------+-------+-------++-------
  Melee: Long sword        |    64 |    94 |   235 |   112 ||   505
         Dagger            |    39 |    84 |   179 |       ||   302
         Scimitar          |       |       |    49 |   114 ||   163
Ability: Lunge             |       |       |     6 |     5 ||    11
    Use: Scroll            |       |     3 |     7 |       ||    10
         Potion            |       |       |     1 |       ||     1
   Stab: Distracted        |       |     1 |       |       ||     1
         Sleeping          |       |       |     1 |       ||     1
 Armour: Leather armour    |    37 |    60 |    41 |       ||   138
         Scale mail        |       |       |    56 |       ||    56
         Plate armour      |       |       |   144 |   145 ||   289
  Dodge: Dodged            |    49 |    67 |    92 |    28 ||   236

Levels and vault maps discovered:
D:1:      matt_arrival_grand_opening, layout_rooms
D:2:      layout_loops_ring, chequers_serial_rivers_marsh, minivault_25,
          minmay_statues_item, minmay_joined_circles
D:3:      layout_basic, lemuel_zombie_altar_kikubaaqudgha,
          cheibrodos_sewer_entry_bend, shapermc_ecumenical_altar_gd,
          nicolae_concentric_dashed_squares_wild, minmay_parallelograms
D:4:      layout_rooms, elyvilon_altar_5, mainiacjoe_overflow_big_doors,
          led_xom_imps, bloody_makhleb, minmay_stone_trees_small
D:5:      layout_basic, serial_shops, nicolae_shop_hallway_stairs
D:6:      layout_basic, nzn_wu_jian_council_hall,
          nicolae_overflow_two_pavilions, minmay_temple_entry_slanted,
          grunt_ministairs_12, roderic_lattice_a, serial_library_hellmonk_room_c
D:7:      minmay_evil_eye, layout_rooms, feat_on_display, uniq_maurice
D:8:      layout_basic, kennysheep_mini_moat, lair_entry_dummy
D:9:      layout_layer_cave, slow_altar_1, uniq_jeremiah, uniq_harold

Notes
Turn   | Place    | Note
-------+----------+-------------------------------------------
     0 | D:1      | cforsyth the Coglin Gladiator began the quest for the Orb.
     0 | D:1      | Reached XP level 1. HP: 16/16 MP: 1/1
   108 | D:1      | Reached XP level 2. HP: 22/22 MP: 2/2
   165 | D:1      | Reached skill level 1 in Armour
   386 | D:2      | Reached XP level 3. HP: 28/28 MP: 1/3
   681 | D:2      | Reached XP level 4. HP: 34/34 MP: 1/4
   719 | D:2      | Reached skill level 3 in Fighting
  1176 | D:3      | Found a glowing drain.
  1199 | Sewer    | Entered a sewer
  1256 | Sewer    | Noticed Pargi
  1265 | Sewer    | Killed Pargi
  1266 | Sewer    | Reached skill level 4 in Long Blades
  1266 | Sewer    | Reached skill level 2 in Armour
  1266 | Sewer    | Reached XP level 5. HP: 19/41 MP: 1/5
  1574 | Sewer    | Reached XP level 6. HP: 48/48 MP: 2/6
  1655 | Sewer    | Reached skill level 4 in Fighting
  1769 | D:3      | Found a faded altar of an unknown god.
  1904 | D:3      | Reached skill level 3 in Armour
  2085 | D:3      | Found an ancient bone altar of Kikubaaqudgha.
  2459 | D:4      | Found a shimmering altar of Xom.
  2500 | D:4      | Reached skill level 5 in Long Blades
  2500 | D:4      | Reached XP level 7. HP: 21/55 MP: 2/7
  2622 | D:4      | Found a burning altar of Makhleb.
  2969 | D:4      | Found a hazy altar of Hepliaklqana.
  2976 | D:4      | Found a radiant altar of Vehumet.
  3121 | D:4      | Found a white marble altar of Elyvilon.
  3251 | D:5      | Entered Level 5 of the Dungeon
  3589 | D:4      | Reached skill level 5 in Fighting
  4005 | D:5      | Found Xyrex's Book Emporium.
  4055 | D:5      | Reached skill level 4 in Armour
  4064 | D:5      | Reached XP level 8. HP: 44/63 MP: 2/8
  4167 | D:5      | Reached skill level 6 in Long Blades
  5017 | D:5      | Identified 3 potions of resistance
  5041 | D:6      | Reached skill level 6 in Fighting
  5313 | D:6      | Reached skill level 5 in Armour
  5656 | D:6      | Found an ornate altar of the Wu Jian Council.
  5665 | D:6      | Became a worshipper of the Wu Jian Council
  5740 | D:6      | Reached skill level 7 in Long Blades
  5808 | D:6      | Found a staircase to the Ecumenical Temple.
  5824 | D:6      | Reached XP level 9. HP: 71/71 MP: 3/9
  5905 | D:6      | HP: 3/67 [wight/+0 flail (6)]
  6197 | D:6      | Reached skill level 7 in Fighting
  6452 | D:6      | Reached skill level 6 in Armour
  6831 | D:7      | Noticed Maurice
  6857 | D:7      | Paralysed by Maurice for 2 turns
  6868 | D:7      | Paralysed by something for 5 turns
  6872 | D:7      | Something stole a ring of flight
  6873 | D:7      | Something stole 261 gold
  6876 | D:7      | Killed Maurice
  6877 | D:7      | Reached skill level 8 in Fighting
  6877 | D:7      | Reached skill level 8 in Long Blades
  7035 | D:7      | Reached skill level 7 in Armour
  7036 | D:7      | Reached * piety under Wu Jian
  7043 | D:7      | Reached XP level 10. HP: 33/81 MP: 10/10
  8049 | D:8      | Reached skill level 9 in Long Blades
  8221 | D:8      | Found a staircase to the Lair.
  8273 | D:8      | Found an iron altar of Okawaru.
  8629 | D:8      | Reached skill level 9 in Fighting
  9711 | D:9      | Found a snail-covered altar of Cheibriados.
  9721 | D:9      | Noticed Harold
  9733 | D:9      | Reached skill level 8 in Armour
  9737 | D:9      | HP: 7/83 [Harold/+0 morningstar (10)]
  9738 | D:9      | Slain by Harold

Vanquished Creatures
  Maurice (D:7)
  A hornet (D:8)
  A troll (D:8)
  A wyvern (D:9)
  4 yaks (D:7)
  3 water moccasins
  A sky beast (D:8)
  Pargi (Sewer)
  An ice beast (D:5)
  2 orc warriors
  2 black bears (D:5)
  An ogre (D:6)
  A centaur (D:9)
  A phantom (D:6)
  2 kobold brigands
  2 brain worms (Sewer)
  5 bullfrogs
  A gnoll sergeant (D:4)
  2 scorpions
  11 wights
  4 killer bees (D:8)
  A howler monkey (D:8)
  4 crimson imps (D:4)
  2 bombardier beetles
  An orc priest (D:8)
  3 hounds
  A sleepcap (D:4)
  An iguana (D:5)
  6 orc wizards
  5 gnolls
  5 adders
  2 shadow imps
  2 white imps
  2 ufetubi (D:5)
  4 dart slugs
  2 ribbon worms
  16 orcs
  21 ball pythons
  2 bat zombies (D:3)
  9 endoplasms
  A giant cockroach (D:4)
  7 goblins
  6 hobgoblins
  4 jackals (D:2)
  3 quokkas
  6 bats
  7 frilled lizards
  A frilled lizard zombie (D:3)
  13 kobolds
  3 rats
188 creatures vanquished.

Vanquished Creatures (others)
  An orc wizard (D:6)
1 creature vanquished.

Grand Total: 189 creatures vanquished

Table legend: (Time is in decaauts)
 A = Elapsed time spent in this place.
 B = Non-inter-level travel time spent in this place.
 C = Inter-level travel time spent in this place.
 D = Time resting spent in this place.
 E = Time spent auto-exploring this place.
 F = Levels seen in this place.
 G = Mean time per level.
                   A        B        C        D        E       F      G
               +--------+--------+--------+--------+--------+-----+--------+
         Total |   9800 |   9472 |    328 |   2347 |   5248 |  10 |  980.0 |
       Dungeon |   9215 |   8887 |    328 |   2138 |   4974 |   9 | 1023.9 |
         Sewer |    584 |    584 |      0 |    209 |    274 |   1 |  584.0 |
               +--------+--------+--------+--------+--------+-----+--------+

Top non-repeatable levels by time:
     D:8: 1810 daAuts
     D:6: 1630 daAuts
     D:5: 1359 daAuts
     D:4: 1346 daAuts
     D:2: 814 daAuts
     D:3: 787 daAuts
     D:7: 710 daAuts
   Sewer: 584 daAuts
     D:1: 401 daAuts
     D:9: 354 daAuts

Table legend:
 A = Non-vault XP
 B = Vault XP
 C = Vault XP percentage of total XP
 D = Non-vault monster count
 E = Vault monster count
 F = Vault count percentage of total count
                 A         B        C        D         E       F
            +---------+---------+-------+---------+---------+-------
      Total |    5716 |    1458 |  20.3 |     152 |      37 |  19.6
            +---------+---------+-------+---------+---------+-------
        D:1 |      31 |       0 |   0.0 |      17 |       0 |   0.0
        D:2 |      47 |      14 |  23.0 |      20 |       9 |  31.0
        D:3 |      27 |       9 |  25.0 |      10 |       4 |  28.6
        D:4 |     324 |     186 |  36.5 |      21 |       4 |  16.0
        D:5 |     615 |       0 |   0.0 |      14 |       0 |   0.0
        D:6 |    1181 |      24 |   2.0 |      18 |       2 |  10.0
        D:7 |    1182 |     853 |  41.9 |      12 |       6 |  33.3
        D:8 |    1850 |       0 |   0.0 |      33 |       0 |   0.0
        D:9 |     459 |      42 |   8.4 |       7 |       1 |  12.5
      Sewer |       0 |     330 | 100.0 |       0 |      11 | 100.0
            +---------+---------+-------+---------+---------+-------
